 Dungeon Crawl Stone Soup version 0.31-a0-640-g39d97e502b (webtiles) character file.

Game seed: 12624600372054549164

57 arthad the Firebug (level 4, 0/27 HPs)
             Began as an Octopode Fire Elementalist on Aug 29, 2023.
             Killed from afar by Sigmund (5 damage)
             ... with a magic dart
             ... on level 2 of the Dungeon.
             The game lasted 00:04:01 (2259 turns).

arthad the Firebug (Octopode Fire Elementalist)     Turns: 2259, Time: 00:04:02

Health: 0/27       AC:  1    Str:  7    XL:     4   Next: 0%
Magic:  3/7        EV: 13    Int: 19    God:
Gold:   65         SH:  5    Dex: 12    Spells: 2/8 levels left

rFire   + . .        (no weapon)
rCold   + + .        (no shield)
rNeg    . . .        (helmet restricted)
rPois   +            c - amulet of reflection
rElec   +            e - ring of willpower
rCorr   +            g - ring of poison resistance
SInv    .            (no ring)
Will    +....        (no ring)
Stlth   +++          (no ring)
HPRegen 0.24/turn    (no ring)
MPRegen 0.10/turn    (no ring)
                     (no ring)

%: reflection
@: resistant
A: almost no armour, amphibious, 8 rings, camouflage 1, gelatinous body 1,
(nimble swimmer 1), tentacles, cold resistance 1
a: no special abilities


You were on level 2 of the Dungeon.
You visited 1 branch of the dungeon, and saw 2 of its levels.

You collected 65 gold pieces.

Inventory:

Jewellery
 c - an amulet of reflection (around mantle)
 e - a ring of willpower (left tentacle)
 g - a ring of poison resistance (right tentacle)
 l - an amulet of magic regeneration
Scrolls
 m - 2 scrolls of noise {unknown}
Potions
 a - a potion of magic
 b - a potion of cancellation {unknown}
 d - a potion of brilliance {unknown}
 f - a potion of attraction {unknown}
 h - a potion of resistance
 i - a potion of mutation
 j - a potion of curing {unknown}
 k - a potion of lignification {unknown}


   Skills:
 + Level 0.8 Fighting
 + Level 2.3 Dodging
 + Level 3.1 Stealth
 * Level 2.5 Spellcasting
 * Level 1.8 Conjurations
 * Level 3.4 Fire Magic


You had 2 spell levels left.
You knew the following spells:

 Your Spells              Type           Power      Damage    Failure   Level
a - Foxfire               Conj/Fire      48%        2x1d6     5%          1
b - Scorch                Fire           30%        2d6       6%          2
c - Volatile Blastmotes   Fire/Tloc      16%        2d11      24%         3

Your spell library contained the following spells:

 Spells                   Type           Power      Damage    Failure   Level
 Slow                     Hex            8%         N/A       16%         1
 Inner Flame              Hex/Fire       8%         N/A       24%         3
 Confusing Touch          Hex            2%         N/A       43%         3
 Vampiric Draining        Necr           2%         2d6       43%         3
 Flame Wave               Conj/Fire      12%        2d6       47%         4
 Animate Dead             Necr           2%         N/A       85%         4
 Borgnjor's Vile Clutch   Necr/Erth      1%         N/A       99%         5
 Death Channel            Necr           1%         N/A       100%        6


Dungeon Overview and Level Annotations

Branches:
Dungeon (2/15)

Altars:

Annotations:
D:2 Sigmund


Innate Abilities, Weirdness & Mutations

You cannot wear most types of armour.
You are amphibious.
You can wear up to eight rings at the same time.
Your skin changes colour to match your surroundings (Stealth+).
Your rubbery body absorbs attacks. (AC +1, EV +1)
((You are camouflaged when in or above water. (Stealth+)))
You have tentacles for arms and can constrict up to eight enemies at once.
Your flesh is cold resistant. (rC+)


Message History

You kill the hobgoblin!
You have reached level 4!
Your foxfire dissipates! x2
Sigmund the Dreaded comes into view.
He is wielding a +0 scythe and carrying a wand of flame.
Sigmund shouts!
Sigmund hits you from afar with a +0 scythe.
Sigmund is nearby!
Sigmund is nearby!
You conjure some foxfire!
Sigmund gestures wildly while chanting.
Sigmund flickers and vanishes!
Deactivating autopickup; reactivate with Ctrl-A.
Casting: Foxfire (safe; 5% risk of failure)
Confirm with . or Enter, or press ? or * to list all spells.
Okay, then.
Casting: Foxfire (safe; 5% risk of failure)
Confirm with . or Enter, or press ? or * to list all spells.
Okay, then.
Casting: Foxfire (safe; 5% risk of failure)
Confirm with . or Enter, or press ? or * to list all spells.
A cloud of volatile blastmotes flares up around you!
The foxfire hits something.
You hear a zap.
A puff of flame appears from out of thin air!
The puff of flame hits you!
The cloud of blastmotes explodes!
The concussive blast engulfs you!
* * * LOW HITPOINT WARNING * * *
Your foxfire dissipates!
It was a potion of resistance.
You feel protected.
You hear some strange, mumbled words.
Something tries to affect you, but you resist.
It was a potion of mutation.
You feel extremely strange.
You feel resistant to cold.
You hear some strange, mumbled words.
A puff of flame appears from out of thin air!
The puff of flame misses you.
A magic dart appears from out of thin air!
The magic dart hits you.
You die...

#.....#.##....# ######...#...
#.......##.#.####............
#............................
#.......####.####........)...
#.....#.####.# ######...#...
#######......# #...####
######.# #...# #.# #...# #@#
#...# #.# ##.## #.# ######.#
#{# ##...##.##### ........#
##.###.#.##...
####.######.#####....... #
#.......##..##.#.
###....#...#...#.#.
#................#.


There were no monsters in sight!

Vanquished Creatures
  3 dart slugs
  6 ball pythons
  4 giant cockroaches
  5 hobgoblins (D:2)
  4 jackals (D:2)
  4 quokkas
  2 bats (D:1)
  3 frilled lizards
  7 goblins
  2 kobolds
  5 rats
45 creatures vanquished.

Vanquished Creatures (collateral kills)
  3 foxfires (D:1)
3 creatures vanquished.

Vanquished Creatures (others)
  150 foxfires
150 creatures vanquished.

Grand Total: 198 creatures vanquished

Notes
Turn   | Place    | Note
-------+----------+-------------------------------------------
     0 | D:1      | arthad the Octopode Fire Elementalist began the quest for
                  | the Orb.
     0 | D:1      | Reached XP level 1. HP: 11/11 MP: 3/3
   340 | D:1      | Reached XP level 2. HP: 17/17 MP: 3/5
   676 | D:1      | Found a faded altar of an unknown god.
   819 | D:1      | Reached XP level 3. HP: 22/22 MP: 4/6
   822 | D:1      | Learned a level 2 spell: Scorch
   826 | D:1      | Learned a level 3 spell: Volatile Blastmotes
  2193 | D:2      | Reached XP level 4. HP: 27/27 MP: 3/7
  2252 | D:2      | Noticed Sigmund
  2258 | D:2      | Gained mutation: Your flesh is cold resistant. (rC+)
                  | [potion of mutation]
  2259 | D:2      | Killed from afar by Sigmund

Illustrated notes

Levels and vault maps discovered:
D:1:      lemuel_arrival_muddy, layout_loops_ring,
          dreamdust_ecumenical_altar_grove, minmay_misc_feat_x,
          serial_bayou_pond_e
D:2:      layout_loops_cross, basic_altar, uniq_sigmund

Skill      XL: |  1  2 |
---------------+-------+-----
Stealth        | 3 |  3.1
Fighting       | |  0.8
Dodging        | |  2.3
Spellcasting   | |  2.5
Conjurations   | |  1.8
Fire Magic     | |  3.4

Action                     |  1- 3 |  4- 6 || total
---------------------------+-------+-------++-------
  Melee: Unarmed           |     5 |       ||     5
         Constrict         |     3 |       ||     3
         Tentacles         |     1 |       ||     1
   Cast: Foxfire           |    94 |     1 ||    95
         Volatile Blastmot |       |     1 ||     1
    Use: Potion            |       |     2 ||     2
  Dodge: Dodged            |     6 |     1 ||     7
  Block: Other             |     1 |       ||     1

Table legend: (Time is in decaauts)
 A = Elapsed time spent in this place.
 B = Non-inter-level travel time spent in this place.
 C = Inter-level travel time spent in this place.
 D = Time resting spent in this place.
 E = Time spent auto-exploring this place.
 F = Levels seen in this place.
 G = Mean time per level.
                   A        B        C        D        E       F      G
               +--------+--------+--------+--------+--------+-----+--------+
         Total |   2257 |   2233 |     24 |     50 |   1886 |   2 | 1128.5 |
       Dungeon |   2257 |   2233 |     24 |     50 |   1886 |   2 | 1128.5 |
               +--------+--------+--------+--------+--------+-----+--------+

Top non-repeatable levels by time:
     D:1: 1258 daAuts
     D:2: 999 daAuts
